 Dungeon Crawl Stone Soup version 0.24.0-125-gc4c63601f3 (webtiles) character file.

Game seed: 16190074173585803312, levelgen mode: deterministic

21848 Curus the Severer (level 12, -2/94 HPs)
             Began as a Minotaur Fighter on Feb 26, 2020.
             Was an Elder of Makhleb.
             Slain by a ten-headed hydra (5 damage)
             ... on level 4 of the Lair of Beasts.
             The game lasted 00:34:52 (9453 turns).

Curus the Severer (Minotaur Fighter)                Turns: 9453, Time: 00:34:52

Health: -2/94      AC: 22    Str: 24    XL:     12   Next: 57%
Magic:  19/19      EV:  4    Int:  8    God:    Makhleb [****..]
Gold:   662        SH: 10    Dex: 13    Spells: 11/11 levels left

rFire    . . .     SeeInvis .   a - +4 war axe
rCold    . . .     Gourm    .   c - +0 shield
rNeg     . . .     Faith    .   y - +0 plate armour
rPois    .         Spirit   .   B - +2 hat
rElec    .         Reflect  .   h - +1 cloak
rCorr    +         Harm     .   o - +1 pair of gloves
MR       .....                  r - +0 pair of boots
Stlth    ..........             k - amulet of regeneration
HPRegen  0.65/turn              j - ring of resist corrosion
MPRegen  0.16/turn              A - +2 ring of protection

@: no status effects
A: retaliatory headbutt, horns 2, agile 1, strong 1
a: Minor Destruction, Lesser Servant of Makhleb, Major Destruction, Renounce
Religion


You were on level 4 of the Lair of Beasts.
You worshipped Makhleb.
Makhleb was greatly pleased with you.
You were very hungry.

You visited 3 branches of the dungeon, and saw 15 of its levels.

You collected 662 gold pieces.

Inventory:

Hand Weapons
 a - a +4 war axe (weapon)
Armour
 b - a +0 scale mail
 c - a +0 shield (worn)
 h - a +1 cloak (worn)
 l - a +0 chain mail
 o - a +1 pair of gloves (worn)
 r - a +0 pair of boots (worn)
 y - a +0 plate armour (worn)
 B - a +2 hat (worn)
 D - the +4 chain mail of Obbuowory {rCorr Dex+4 Slay-6, unknown}
   (You found it on level 5 of the Lair of Beasts)

   It affects your dexterity (+4).
   It affects your accuracy and damage with ranged weapons and melee attacks
   (-6).
   It provides partial protection from all sources of acid and corrosion.
Jewellery
 j - a ring of resist corrosion (left hand)
 k - an amulet of regeneration (around neck)
 A - a +2 ring of protection (right hand)
 E - an uncursed ring of teleportation
 F - an uncursed ring of fire
Wands
 p - a wand of iceblast (9)
 q - a wand of polymorph (20)
 v - a wand of disintegration (11)
 x - a wand of scattershot (4)
 z - a wand of paralysis (20)
Scrolls
 e - 8 scrolls of identify
 i - 5 scrolls of remove curse
 m - 5 scrolls of enchant weapon
 n - 6 scrolls of teleportation
 t - a scroll of magic mapping
Potions
 d - 2 potions of might
 g - a potion of ambrosia
 s - a potion of agility
 u - 2 potions of magic
 w - a potion of haste
 C - a potion of flight
Comestibles
 f - 29 rations


   Skills:
 - Level 5.3 Fighting
 - Level 16.0 Axes
 - Level 5.3 Armour
 - Level 3.6 Shields
 + Level 11.0 Invocations
 - Level 9.6 Evocations


You had 11 spell levels left.
You didn't know any spells.
Your spell library contained the following spells:

 Spells                   Type           Power        Failure   Level  Hunger
 Animate Skeleton         Necr           N/A          100%        1    ##.....
 Freeze                   Ice            #...         100%        1    ##.....
 Magic Dart               Conj           #...         100%        1    ##.....
 Blink                    Tloc           N/A          100%        2    ###....
 Call Imp                 Summ           #.......     100%        2    ###....
 Searing Ray              Conj           #.....       100%        2    ###....
 Slow                     Hex            #.......     100%        2    ###....
 Throw Frost              Conj/Ice       #.....       100%        2    ###....
 Conjure Flame            Conj/Fire      #.......     100%        3    ####...
 Dazzling Spray           Conj/Hex       #.....       100%        3    ####...
 Mephitic Cloud           Conj/Pois/Air  #.......     100%        3    ####...
 Ozocubu's Armour         Chrm/Ice       #.......     100%        3    ####...
 Force Lance              Conj/Tloc      #.......     100%        4    #####..
 Fulminant Prism          Conj/Hex       #.........   100%        4    #####..
 Iskenderun's Mystic Bla  Conj           #.......     100%        4    #####..
 Summon Ice Beast         Ice/Summ       #.......     100%        4    #####..
 Throw Icicle             Conj/Ice       #.......     100%        4    #####..


Dungeon Overview and Level Annotations

Branches:
Dungeon (9/15)             Temple (1/1) D:4            Lair (5/6) D:9
 Shoals (0/4) Lair:3       Spider (0/4) Lair:2        Slime (0/5) Lair:5
    Orc: D:9-12

Altars:
Ashenzari
Cheibriados
Dithmenos
Fedhas
Hepliaklqana
Kikubaaqudgha
Makhleb
Nemelex Xobeh
Okawaru
Qazlal
Ru
Sif Muna
Trog
Uskayaw
Vehumet
Wu Jian
Xom
Yredelemnul
Zin
The Shining One

Shops:
D:4 [

Annotations:
D:5 Prince Ribbit


Innate Abilities, Weirdness & Mutations

You reflexively headbutt those who attack you in melee.
You have a pair of horns on your head.
You are agile. (Dex +2)
Your muscles are strong. (Str +2)


Message History

Aiming: Disintegrate
Press: ? - help, Shift-Dir - straight line, f - nine-headed hydra
Aim: a nine-headed hydra (lightly wounded, misshapen and mutated, chance to defeat MR: 78%)
The nine-headed hydra is blasted!!
The nine-headed hydra bites your neqoxec!
The nine-headed hydra bites your neqoxec.
Your neqoxec dies!
Press: ? - help, Shift-Dir - straight line, f/p - nine-headed hydra
Aim: a nine-headed hydra (heavily wounded, misshapen and mutated)
The orb of electricity explodes!
The orb of electricity engulfs the nine-headed hydra!
The nine-headed hydra is almost dead.
The orb of electricity engulfs you but does no damage.
You hear a trumpeting!
You chop one of the nine-headed hydra's heads off!
The eight-headed hydra grows two more!
You hit the ten-headed hydra.
Your headbutt misses the ten-headed hydra.
The ten-headed hydra is severely wounded.
The ten-headed hydra bites you.
You die...

### ###### ####P### #####
###P.#.# ######
##....#.#####..?###.#.....
.....###......##.##..............
#.#..P#..........................
#..#.............................
...............D@................
#..........................#.....
#.............>.##..#.....#......
#..............####.##...###.....
##.#............##..##...##.#...^
###.#..........###..P...#.##....
#..##.##...#..###........##....
##.P.#....######.........#.....
##........## ####....รท.........


You could see a ten-headed hydra.

Vanquished Creatures
  Gastronok (Lair:3)
  A two-headed ogre (D:8)
  Pikel (D:5)
  8 elephants
  2 black mambas
  6 komodo dragons
  10 spiny frogs
  A queen bee (Lair:3)
  A polar bear (Lair:1)
  3 blink frogs (Lair:5)
  3 hippogriffs
  Sigmund (D:2)
  22 yaks
  A wyvern (Lair:3)
  A hungry ghost (D:8)
  4 water moccasins
  3 porcupines
  2 sky beasts
  A black bear (D:9)
  An ice beast (D:6)
  4 ogres
  15 wolves
  2 centaurs
  4 crocodiles
  9 bullfrogs
  5 scorpions
  26 killer bees
  A howler monkey (D:5)
  5 crimson imps
  A quasit (D:7)
  3 bullfrog zombies
  4 hounds
  4 jellies
  A centaur skeleton (D:8)
  3 orc wizards
  4 orc priests
  3 iguanas
  6 worker ants
  A hound skeleton (D:8)
  3 gnolls (D:4)
  9 adders
  4 shadow imps
  5 oozes (D:8)
  2 adder skeletons
  3 worms
  4 dart slugs
  5 leopard geckos
  21 orcs
  4 ball pythons
  7 bats
  2 giant cockroaches
  10 goblins
  6 hobgoblins
  9 jackals
  3 quokkas
  7 frilled lizards
  7 kobolds
  6 rats
  2 fungi
  3 plants
296 creatures vanquished.

Vanquished Creatures (others)
  2 slaves (D:5)
  An ogre (D:5)
  A leopard gecko (D:7)
  3 jackals (D:5)
  2 fungi (Lair:4)
  3 plants
12 creatures vanquished.

Grand Total: 308 creatures vanquished

Notes
Turn   | Place    | Note
-------+----------+-------------------------------------------
     0 | D:1      | Curus the Minotaur Fighter began the quest for the Orb.
     0 | D:1      | Reached XP level 1. HP: 19/19 MP: 0/0
   183 | D:1      | Reached skill level 3 in Axes
   188 | D:1      | Reached XP level 2. HP: 26/26 MP: 1/1
   465 | D:1      | Reached skill level 4 in Axes
   809 | D:1      | Reached XP level 3. HP: 31/31 MP: 2/2
  1176 | D:2      | Found a white marble altar of Elyvilon.
  1178 | D:2      | Found a glowing silver altar of Zin.
  1178 | D:2      | Found a blossoming altar of Fedhas.
  1180 | D:2      | Found a shimmering altar of Xom.
  1180 | D:2      | Found a glowing golden altar of the Shining One.
  1180 | D:2      | Found a hazy altar of Hepliaklqana.
  1498 | D:2      | Reached skill level 5 in Axes
  1599 | D:2      | Noticed Sigmund
  1606 | D:2      | Killed Sigmund
  1606 | D:2      | Reached skill level 7 in Axes
  1606 | D:2      | Reached XP level 4. HP: 21/39 MP: 3/3
  1606 | D:2      | Reached XP level 5. HP: 24/45 MP: 4/4
  1817 | D:3      | Reached XP level 6. HP: 31/51 MP: 5/5
  2140 | D:3      | Reached skill level 8 in Axes
  2583 | D:4      | Found a staircase to the Ecumenical Temple.
  2623 | Temple   | Entered the Ecumenical Temple
  2635 | Temple   | Became a worshipper of Makhleb the Destroyer
  2878 | D:4      | Found Foefok's Antique Armour Shop.
  2948 | D:4      | Reached skill level 9 in Axes
  2980 | D:4      | Reached XP level 7. HP: 55/57 MP: 6/6
  3036 | D:5      | Entered Level 5 of the Dungeon
  3220 | D:5      | Reached skill level 10 in Axes
  3329 | D:5      | Reached * piety under Makhleb
  3374 | D:5      | Noticed Pikel
  3390 | D:5      | Killed Pikel
  3390 | D:5      | Reached skill level 12 in Axes
  3390 | D:5      | Reached XP level 8. HP: 57/64 MP: 7/7
  3536 | D:5      | Noticed Prince Ribbit
  3795 | D:6      | Reached skill level 13 in Axes
  4303 | D:6      | Found a shimmering blue altar of Sif Muna.
  4304 | D:6      | Found an ancient bone altar of Kikubaaqudgha.
  4304 | D:6      | Found a radiant altar of Vehumet.
  4306 | D:6      | Identified Kikubaaqudgha's Incunabulum of Dark Rituals
  4500 | D:7      | Found a shadowy altar of Dithmenos.
  4526 | D:7      | Reached XP level 9. HP: 69/70 MP: 8/8
  4682 | D:7      | Reached skill level 14 in Axes
  4757 | D:7      | Found a hide-covered altar of Uskayaw.
  4762 | D:7      | Found an ornate altar of the Wu Jian Council.
  4763 | D:7      | Found a blossoming altar of Fedhas.
  4767 | D:7      | Found a bloodstained altar of Trog.
  5038 | D:8      | Reached ** piety under Makhleb
  5246 | D:8      | Found an iron altar of Okawaru.
  5248 | D:8      | Found a hazy altar of Hepliaklqana.
  5307 | D:8      | Noticed a two-headed ogre
  5311 | D:8      | Reached skill level 15 in Axes
  5317 | D:8      | Killed a two-headed ogre
  5404 | D:8      | Reached skill level 16 in Axes
  5648 | D:9      | Reached XP level 10. HP: 73/78 MP: 9/9
  5789 | D:9      | Found a sparkling altar of Nemelex Xobeh.
  5870 | D:9      | Found a staircase to the Lair.
  5886 | D:9      | Reached skill level 5 in Fighting
  5886 | D:9      | Reached skill level 5 in Armour
  5891 | Lair:1   | Entered Level 1 of the Lair of Beasts
  5910 | Lair:1   | Reached skill level 1 in Invocations
  5910 | Lair:1   | Reached skill level 1 in Evocations
  5911 | Lair:1   | Noticed a spiny frog
  5920 | Lair:1   | Killed a spiny frog
  6115 | Lair:1   | Noticed Sonja
  6116 | Lair:1   | Noticed Sonja
  6116 | Lair:1   | Sonja changed into Sonja the polar bear
  6126 | Lair:1   | Killed Sonja the polar bear
  6126 | Lair:1   | Reached *** piety under Makhleb
  6143 | Lair:1   | Noticed a black mamba
  6155 | Lair:1   | Killed a black mamba
  6160 | Lair:1   | Noticed a spiny frog
  6171 | Lair:1   | Killed a spiny frog
  6256 | Lair:1   | Reached skill level 5 in Invocations
  6369 | Lair:1   | Reached skill level 5 in Evocations
  6390 | Lair:1   | Reached XP level 11. HP: 77/88 MP: 14/14
  7381 | Lair:2   | Found a hole to the Spider Nest.
  7723 | Lair:3   | Found a staircase to the Shoals.
  7785 | Lair:3   | Gained mutation: Your muscles are strong. (Str +2) [potion
                  | of mutation]
  7785 | Lair:3   | Gained mutation: You are agile. (Dex +2) [potion of
                  | mutation]
  7821 | Lair:3   | You fall into a shaft and drop 1 floor!
  8018 | Lair:3   | Noticed Gastronok
  8036 | Lair:3   | Killed Gastronok
  8036 | Lair:3   | Reached XP level 12. HP: 76/94 MP: 17/17
  8134 | Lair:3   | Reached **** piety under Makhleb
  8671 | Lair:4   | Reached skill level 10 in Invocations
  9187 | Lair:5   | Found a staircase to the Slime Pits.
  9239 | Lair:5   | Got a smoking chain mail
  9420 | Lair:5   | Noticed a six-headed hydra
  9453 | Lair:4   | Slain by a ten-headed hydra

Levels and vault maps discovered:
D:1:      lemuel_arrival_rhombus, layout_basic
D:2:      layout_basic, doesnt_xom_only_xom, grunt_ministairs_10,
          roderic_lattice_a, chequers_serial_rivers_micro_d, uniq_sigmund
D:3:      minmay_evil_eye, layout_basic, first_ration
D:4:      layout_rooms, minmay_temple_entry_glass, serial_shops, shop
D:5:      kennysheep_spiral_hall, layout_loops_ring, uniq_pikel,
          uniq_prince_ribbit1
D:6:      layout_basic, grunt_temple_overflow_magic_moments
D:7:      layout_basic, old_standard_altar, minitemple
D:8:      layout_cave_pools, nicolae_overflow_hidden_temple,
          hangedman_little_slice_of_home
D:9:      layout_loops_ring, lemuel_round_altar, david_lair_shrubbed
Temple:   eino_temple_lava
Lair:1:   layout_regular_city, lemuel_fruit_fields, uniq_sonja
Lair:2:   layout_chaotic_city, spider_nest_entry_a, serial_bayou_shore_b
Lair:3:   layout_roguey, elwin_shoals_entry_rocks, special_room
          [special_room_bee], uniq_gastronok
Lair:4:   layout_gridlike, grunt_megastairs_5
Lair:5:   layout_regular_city, slime_dummy, st_stairs_10, minivault_29

Skill      XL: |  1  2  3  4  5  6  7  8  9 10 11 12 |
---------------+-------------------------------------+-----
Axes           | 3 4 7 9 12 13 16 | 16.0
Fighting       | 4 5 |  5.3
Armour         | 4 5 |  5.3
Invocations    | 5 9 11 | 11.0
Evocations     | 5 8 9 |  9.6
Shields        | |  3.6

Action                   |  1- 3 |  4- 6 |  7- 9 | 10-12 || total
-------------------------+-------+-------+-------+-------++-------
Melee: War axe           |    79 |   139 |   242 |   493 ||   953
       Headbutt          |    12 |    23 |    36 |   106 ||   177
Invok: Minor Destruction |       |       |     1 |     7 ||     8
       Lesser Servant of |       |       |       |     2 ||     2
       Major Destruction |       |       |       |     1 ||     1
Evoke: Wand              |       |       |       |     4 ||     4
  Use: Scroll            |     3 |     6 |     2 |     5 ||    16
       Potion            |     3 |       |     6 |     4 ||    13
  Eat: Chunk             |     2 |     4 |     8 |    12 ||    26
       Ration            |       |       |     1 |       ||     1
Armor: Scale mail        |    37 |    46 |       |       ||    83
       Chain mail        |       |    13 |   111 |    41 ||   165
       Plate armour      |       |       |       |   224 ||   224
Dodge: Dodged            |    28 |    20 |    38 |    73 ||   159
Block: Shield            |    29 |    38 |   101 |   211 ||   379
